 Dungeon Crawl Stone Soup version 0.31-a0-1611-g890cdf5628 (webtiles) character file.

Game seed: 16488456219429631159

5992 Aneyh the Fighter (level 10, -4/67 HPs)
             Began as a Tengu Monk on Oct 27, 2023.
             Was an Elder of Hepliaklqana.
             Slain by a chaos spawn (14 damage)
             ... on level 9 of the Dungeon on Jan 8, 2024.
             The game lasted 00:21:21 (8645 turns).

Aneyh the Fighter (Tengu Monk)                      Turns: 8645, Time: 00:21:21

Health: -4/67      AC:  8    Str: 15    XL:     10   Next: 85%
Magic:  11/11      EV: 19    Int: 16    God:    Hepliaklqana [****..]
Gold:   560        SH:  0    Dex: 26    Spells: 5/9 levels left

rFire   . . .        O - +1 halberd (freeze)
rCold   . . .        (shield currently unavailable)
rNeg    . . .        M - +0 steam dragon scales
rPois   .            (helmet restricted)
rElec   .            i - +0 cloak
rCorr   .            v - +1 Delatra's gloves {ID++}
SInv    .            (boots unavailable)
Will    .....        (no amulet)
Stlth   ++           e - +6 ring of intelligence
HPRegen 0.31/turn    z - +6 ring of dexterity
MPRegen 0.12/turn

%: acrobat
@: flying
A: reduced essence, beak, talons 3, evasive flight, acrobatic, agile 1, mutation
resistance 1
a: Renounce Religion, Recall Ancestor, Ancestor Identity, Transference, Idealise


You were on level 9 of the Dungeon.
You worshipped Hepliaklqana.
Hepliaklqana was greatly pleased with you.
You visited 2 branches of the dungeon, and saw 10 of its levels.

You collected 560 gold pieces.

Inventory:

Hand Weapons
 a - a +0 halberd
 b - a +0 longbow
 m - a +1 long sword of holy wrath
 q - a +0 halberd
 y - a +2 whip of electrocution
 B - a +0 hand axe of freezing
 C - a +0 war axe
 D - a +2 broad axe of flaming
 F - a +0 trident
 N - the +9 sling of Trog's Anger {heavy, rCorr Dex+6}
   (You found it on level 9 of the Dungeon)

   Dex+6:     It affects your dexterity (+6).
   rCorr:     It protects you from acid and corrosion.
 O - a +1 halberd of freezing (weapon)
Missiles
 g - 13 poisoned darts (quivered)
Armour
 i - a +0 cloak (worn)
 v - the +1 Delatra's gloves (worn) {ID++}
   (You found it on level 3 of the Dungeon)

   ID++:      It heals its wearer when they drink unknown potions, and restores
   their MP when they read unknown scrolls.
 H - +0 acid dragon scales
 M - +0 steam dragon scales (worn)
Jewellery
 e - a +6 ring of intelligence (left hand)
 f - a ring of fire
 n - an amulet of guardian spirit
 s - a ring of willpower
 z - a +6 ring of dexterity (right hand)
 A - a ring of magical power
Wands
 d - a wand of roots (6)
 h - a wand of polymorph (10)
 w - a wand of paralysis (11)
 E - a wand of acid (25)
 G - a wand of flame (44)
Scrolls
 j - a scroll of silence {unknown}
 l - 2 scrolls of poison {unknown}
 o - 2 scrolls of amnesia {unknown}
 p - 5 scrolls of identify
 r - 2 scrolls of noise
 t - a scroll of revelation {unknown}
 u - a scroll of immolation
 x - 6 scrolls of teleportation {unknown}
 I - 2 scrolls of enchant armour {unknown}
 K - a scroll of fear {unknown}
 L - a scroll of enchant weapon {unknown}
 Q - a scroll of fog {unknown}
Potions
 k - 5 potions of curing
 J - a potion of enlightenment
 P - 2 potions of might


   Skills:
 * Level 14.2 Fighting
 + Level 8.0 Polearms
 - Level 4.0 Dodging
 - Level 0.2 Stealth
 * Level 3.7 Air Magic


You had 5 spell levels left.
You knew the following spells:

 Your Spells              Type           Power      Damage    Failure   Level
a - Vhi's Electric Charg  Tloc/Air       10%        N/A       75%         4

Your spell library contained the following spells:

 Spells                   Type           Power      Damage    Failure   Level
 Slow                     Hex            0%         N/A       26%         1
 Confusing Touch          Hex            0%         N/A       58%         3
 Sigil of Binding         Hex            0%         N/A       58%         3
 Vampiric Draining        Necr           0%         2d6       58%         3
 Arcjolt                  Conj/Air       2%         1d12      97%         5
 Maxwell's Capacitive Co  Air            5%         ∞         100%        8


Dungeon Overview and Level Annotations

Branches:
Dungeon (9/15)             Temple (1/1) D:4
   Lair: D:8-11         Orc: D:9-12

Altars:
Ashenzari
Cheibriados
Dithmenos
Elyvilon
Fedhas
Gozag
Hepliaklqana
Kikubaaqudgha
Makhleb
Nemelex Xobeh
Okawaru
Qazlal
Ru
Sif Muna
Trog
Uskayaw
Vehumet
Wu Jian
Xom
Yredelemnul
Zin
The Shining One


Innate Abilities, Weirdness & Mutations

Your life essence is reduced to manifest your ancestor. (-10% HP)
You have a beak for a mouth.
You have claws for feet.
Your magical flight helps you evade attacks. (EV +4)
You can magically evade attacks while moving or waiting.
You are agile. (Dex +4, Str/Int -1)
You are somewhat resistant to further mutation.


Message History

The vampire mosquito is severely damaged.
The vampire mosquito misses you. x2; The vampire mosquito barely misses you.
Milos blocks the chaos spawn's attack.
Milos blocks the wraith's attack.
Milos hits the wraith with a +0 flail.
The vampire mosquito bites you!
* * * LOW HITPOINT WARNING * * *
The vampire mosquito draws strength from your injuries!
You are confused.
You feel invigorated. The vampire mosquito bites you.
* * * LOW HITPOINT WARNING * * *
The vampire mosquito draws strength from your injuries!
The vampire mosquito misses you. The vampire mosquito barely misses you.
Milos blocks the chaos spawn's attack.
The wraith barely misses Milos.
The vampire mosquito bites you.
* * * LOW HITPOINT WARNING * * *
The vampire mosquito draws strength from your injuries!
Found a shimmering altar of Xom.
The vampire mosquito misses you.
Milos blocks the wraith's attack.
The vampire mosquito misses you.
Milos hits the wraith with a +0 flail!
The vampire mosquito misses you.
You see here a vampire mosquito corpse.
The vampire mosquito attacks as it pursues you!
The vampire mosquito completely misses you. x3
There is a fountain of blood here.
You barely miss the vampire mosquito. You claw the vampire mosquito.
Your peck misses the vampire mosquito.
The vampire mosquito is almost destroyed.
The vampire mosquito misses you.
The vampire mosquito completely misses you.
The vampire mosquito bites you!
* * * LOW HITPOINT WARNING * * *
The vampire mosquito draws strength from your injuries!
The vampire mosquito bites you but does no damage.
You miss the vampire mosquito. You claw the vampire mosquito!
The vampire mosquito is almost destroyed.
You feel less invigorated.
You feel less confused. The vampire mosquito misses you.
The vampire mosquito bites you.
* * * LOW HITPOINT WARNING * * *
The vampire mosquito draws strength from your injuries!
The chaos spawn kicks you!
You die...

.........## ########.............
..............................###
...###########................#
...# #................# ...#
..######'####......# ...#
............#......# ...#
'########.....#......# ...#
...?....yR...........# ...#
......~@yW#..⌠........ .###
........4..§∩.⌠... #.###
#####...~8##..⌠... # .....
....⌠.§.⌠.#⌠... # ###.#
....$~+)._.<... # ..
.......⌠≈<....!.. # #.#
.......⌠⌠...8... # ...#
.###+.~........ # ##... #.#


You could see the friendly Milos the knight (slow), a wraith (ally target), a
chaos spawn and 2 vampire mosquitoes.

Vanquished Creatures
  Pikel (D:6)
  Maurice (D:7)
  A shadow (D:9)
  2 wyverns
  A steam dragon (D:8)
  A vampire mosquito (D:9)
  A chaos spawn (D:9)
  A water moccasin (D:7)
  An acid dragon (D:5)
  Duvessa (D:7)
  2 ice beasts
  An orc warrior (D:9)
  3 black bears
  2 ogres
  A centaur (Temple)
  A kobold brigand (D:8)
  2 bullfrogs
  A gnoll sergeant (D:7)
  A scorpion (D:7)
  A burial acolyte (D:6)
  A killer bee (D:8)
  A howler monkey (D:5)
  4 orc priests
  3 gnoll boudas
  3 hounds
  Ijyb (D:4)
  An iguana (D:5)
  5 orc wizards
  12 gnolls
  8 adders
  A shadow imp (D:6)
  3 ufetubi
  2 ribbon worms (D:4)
  3 dart slugs
  9 orcs
  6 bats
  6 endoplasms
  4 giant cockroaches
  7 goblins
  6 hobgoblins
  14 kobolds
  5 quokkas
  10 ball pythons
  5 frilled lizards
  12 rats
158 creatures vanquished.

Vanquished Creatures (collateral kills)
  Maggie (D:9)
  Jeremiah (D:7)
  Grinder (D:5)
  A wyvern (D:9)
  2 water moccasins
  An orc warrior (D:9)
  2 sky beasts
  A centaur (D:6)
  A phantom (D:6)
  A kobold brigand (D:6)
  A bullfrog (D:8)
  Dowan (D:7)
  A killer bee (D:8)
  An orc priest (D:5)
  4 iguanas
  A sleepcap (D:5)
  2 orc wizards (D:5)
  8 gnolls
  An adder (D:6)
  An ufetubus (D:5)
  An adder zombie (D:6)
  5 orcs
  A hobgoblin (D:4)
  4 kobolds
  A jackal zombie (D:6)
45 creatures vanquished.

Vanquished Creatures (others)
  A knight (D:7)
1 creature vanquished.

Grand Total: 204 creatures vanquished

Notes
Turn   | Place    | Note
-------+----------+-------------------------------------------
     0 | D:1      | Aneyh the Tengu Monk began the quest for the Orb.
     0 | D:1      | Reached XP level 1. HP: 14/14 MP: 2/2
    34 | D:1      | Reached XP level 2. HP: 19/19 MP: 3/3
   323 | D:1      | Reached XP level 3. HP: 23/23 MP: 4/4
   681 | D:2      | Found a faded altar of an unknown god.
   724 | D:2      | Reached XP level 4. HP: 28/28 MP: 5/5
  1015 | D:2      | Found a bloodstained altar of Trog.
  1491 | D:3      | Found the +1 Delatra's gloves {ID++}
  1606 | D:3      | Reached XP level 5. HP: 29/33 MP: 6/6
  1839 | D:3      | Reached skill level 5 in Polearms
  2404 | D:4      | Found a staircase to the Ecumenical Temple.
  2417 | D:4      | Noticed a centaur
  2432 | Temple   | Entered the Ecumenical Temple
  2531 | Temple   | Became a worshipper of Hepliaklqana the Forgotten
  2531 | Temple   | Reached * piety under Hepliaklqana
  2531 | Temple   | Reached ** piety under Hepliaklqana
  2532 | Temple   | Remembered your ancestor Milos as a knight
  2673 | D:4      | Reached skill level 4 in Fighting
  2709 | Temple   | Killed a centaur
  2710 | Temple   | Reached XP level 6. HP: 27/35 MP: 4/7
  3138 | D:4      | Reached skill level 5 in Fighting
  3349 | D:4      | Noticed Ijyb
  3353 | D:4      | Killed Ijyb
  3380 | D:4      | Gained mutation: Your magical flight helps you evade
                  | attacks. (EV +4) [Tengu growth]
  3380 | D:4      | Reached XP level 7. HP: 40/40 MP: 8/8
  3670 | D:5      | Entered Level 5 of the Dungeon
  3675 | D:5      | Reached skill level 6 in Fighting
  3712 | D:5      | Noticed Grinder
  3716 | D:5      | Paralysed by Grinder for 5 turns
  3720 | D:5      | Killed Grinder
  3721 | D:5      | Reached skill level 7 in Fighting
  3832 | D:5      | Reached skill level 8 in Fighting
  3832 | D:5      | Reached XP level 8. HP: 48/48 MP: 9/9
  3964 | D:5      | Upgraded the game from 0.31-a0-968-g24f9ace8b5 to
                  | 0.31-a0-1549-g5ff9445e89
  4019 | D:5      | Reached *** piety under Hepliaklqana
  4256 | D:6      | Reached skill level 9 in Fighting
  4446 | D:7      | Noticed Jeremiah
  4463 | D:8      | Reached skill level 10 in Fighting
  4513 | D:7      | Noticed Duvessa
  4513 | D:7      | Noticed Dowan
  4517 | D:7      | Killed Duvessa
  4518 | D:7      | Reached XP level 9. HP: 46/56 MP: 10/10
  4519 | D:7      | Killed Dowan
  4682 | D:7      | Reached skill level 11 in Fighting
  4783 | D:6      | Found a stormy altar of Qazlal.
  4877 | D:6      | Noticed Pikel
  4907 | D:6      | Killed Pikel
  4908 | D:6      | Reached skill level 12 in Fighting
  5084 | D:6      | Found a radiant altar of Vehumet.
  5194 | D:6      | Found an ancient bone altar of Kikubaaqudgha.
  5280 | D:7      | Reached **** piety under Hepliaklqana
  5326 | D:7      | Noticed Maurice
  5338 | D:7      | Something stole a +0 spear
  5339 | D:7      | Something stole a ring of fire
  5341 | D:7      | Something stole an orb of light
  5342 | D:7      | Gained mutation: You are agile. (Dex +4, Str/Int -1)
                  | [potion of mutation]
  5342 | D:7      | Gained mutation: You are occasionally teleported next to
                  | monsters. [potion of mutation]
  5342 | D:7      | Something stole 138 gold
  5343 | D:7      | Something stole 192 gold
  5355 | D:7      | Killed Maurice
  5356 | D:7      | Reached skill level 13 in Fighting
  5356 | D:7      | Reached XP level 10. HP: 39/65 MP: 2/11
  5808 | D:6      | Upgraded the game from 0.31-a0-1549-g5ff9445e89 to
                  | 0.31-a0-1611-g890cdf5628
  5813 | D:6      | Learned a level 4 spell: Vhi's Electric Charge
  5845 | D:7      | Found a sparkling altar of Nemelex Xobeh.
  5854 | D:7      | Killed Jeremiah
  5855 | D:7      | Reached skill level 1 in Air Magic
  6076 | D:7      | Lost mutation: You are agile. (Dex +4, Str/Int -1) [potion
                  | of mutation]
  6076 | D:7      | Lost mutation: You are occasionally teleported next to
                  | monsters. [potion of mutation]
  6076 | D:7      | Gained mutation: You are agile. (Dex +4, Str/Int -1)
                  | [potion of mutation]
  6076 | D:7      | Gained mutation: You are somewhat resistant to further
                  | mutation. [potion of mutation]
  7702 | D:8      | Found a blossoming altar of Fedhas.
  7933 | D:9      | Noticed Maggie
  7942 | D:9      | Killed Maggie
  8079 | D:9      | Identified the +9 sling of Trog's Anger {heavy, rCorr
                  | Dex+6}
  8114 | D:9      | Reached skill level 14 in Fighting
  8621 | D:9      | Found the +7 mace of Variability {chaos, chaos arc}
  8642 | D:9      | Found a shimmering altar of Xom.
  8645 | D:9      | Slain by a chaos spawn

Illustrated notes

Levels and vault maps discovered:
D:1:      co_arrival_square_in_a_square_in_a_square, layout_rooms,
          nicolae_figureground_pulse
D:2:      layout_basic, basic_altar, hellmonk_ecumenical_altar_blasted,
          minmay_misc_feat_five
D:3:      layout_loops_corners, pf_guarded_unrand_delatra
D:4:      layout_basic, minmay_temple_entry_ruins, uniq_ijyb
D:5:      layout_gridville, uniq_grinder
D:6:      layout_basic, nicolae_qazlal_general_emergency,
          lemuel_zombie_altar_kikubaaqudgha, vehumet_crystals, uniq_pikel
D:7:      layout_basic, nemelex_diamond_rough_becter, uniq_jeremiah,
          uniq_maurice, uniq_duvessa
D:8:      layout_gridville, lemuel_doored_altar, minivault_10, nicolae_sextant
D:9:      layout_irregular_city, enter_bailey_4,
          nicolae_concentric_dashed_squares_mild,
          minmay_guarded_unrand_variability, uniq_maggie
Temple:   minmay_crystal_spiral_temple

Skill      XL: |  1  2  3  4  5  6  7  8  9 10 |
---------------+-------------------------------+-----
Polearms       | 4 5 6 8 |  8.0
Dodging        | 4 |  4.0
Fighting       | 4 5 8 10 13 14 | 14.2
Air Magic      | 3 |  3.7
Stealth        | |  0.2

Action                     |  1- 3 |  4- 6 |  7- 9 | 10-12 || total
---------------------------+-------+-------+-------+-------++-------
  Melee: Spear             |   105 |    77 |       |       ||   182
         Kick              |    21 |    10 |    33 |    36 ||   100
         Peck              |    13 |    11 |    18 |    35 ||    77
         Punch             |     1 |     2 |       |       ||     3
         Halberd           |       |     1 |   125 |   141 ||   267
   Fire: Sling             |    16 |    17 |       |       ||    33
         Longbow           |       |    34 |    51 |       ||    85
 Invoke: Recall Ancestor   |       |     1 |     1 |     1 ||     3
         Ancestor Life: Kn |       |     1 |       |       ||     1
    Use: Potion            |       |     1 |    10 |     2 ||    13
         Scroll            |       |       |     3 |       ||     3
   Stab: Sleeping          |     2 |     1 |       |     2 ||     5
         Distracted        |       |     1 |       |     1 ||     2
 Armour: Robe              |    28 |    40 |     9 |       ||    77
         Ring mail         |       |       |    76 |    28 ||   104
         Skin              |       |       |    14 |       ||    14
         Steam dragon scal |       |       |       |    50 ||    50
  Dodge: Dodged            |    51 |    48 |   116 |   193 ||   408

Table legend: (Time is in decaauts)
 A = Elapsed time spent in this place.
 B = Non-inter-level travel time spent in this place.
 C = Inter-level travel time spent in this place.
 D = Time resting spent in this place.
 E = Time spent auto-exploring this place.
 F = Levels seen in this place.
 G = Mean time per level.
                   A        B        C        D        E       F      G
               +--------+--------+--------+--------+--------+-----+--------+
         Total |   8729 |   8441 |    288 |   1921 |   5010 |  10 |  872.9 |
       Dungeon |   8458 |   8242 |    216 |   1741 |   5010 |   9 |  939.8 |
        Temple |    271 |    199 |     72 |    180 |      0 |   1 |  271.0 |
               +--------+--------+--------+--------+--------+-----+--------+

Top non-repeatable levels by time:
     D:8: 1458 daAuts
     D:7: 1261 daAuts
     D:3: 1058 daAuts
     D:4: 1019 daAuts
     D:6: 1014 daAuts
     D:2: 791 daAuts
     D:9: 723 daAuts
     D:5: 599 daAuts
     D:1: 531 daAuts
  Temple: 271 daAuts
